AoeStats
← gloectra

Arena

504229018Analyzed
3v3 RM · 28d ago on Sep 4, 2026· 51m 26s· 6 players
Game mode
Random Map
Map size
Normal (6 player)
Population
200
Speed
Normal
Resources
Standard
Victory
Conquest
Starting age
Dark Age
Ending age
Imperial Age
RankedLock teamsTeams togetherTeam positionsShared explorationLock speedFull tech treeHidden civsTurbo modeCheats
Victory
Defeat
🇹🇷 Persians · Türkiye
984
+14
🇹🇷 Khmer · Türkiye
969
+15
🇹🇷 Bohemians · Türkiye
936
+17
🇵🇪 Portuguese · Peru
970
-16
🇷🇺 Mongols · Russia
944
-15
🇯🇵 Malay · Japan
940
-15
`TryAki
0:26 Loom
10:46 Feudal Age
12:48 Horse Collar
12:58 Double-Bit Axe
20:12 Castle Age
29:57 Husbandry
30:07 Bloodlines
34:54 Imperial Age
32:29 Heavy Plow
32:47 Bow Saw
32:31 Gold Mining
32:31 Stone Mining
32:41 Stone Mining
32:58 Caravan
33:54 Wheelbarrow
33:05 Town Watch
34:56 Hand Cart
34:30 Elite War Elephant
35:32 Conscription
35:51 Crop Rotation
36:02 Gold Shaft Mining
36:04 Stone Shaft Mining
36:24 Forging
36:19 Scale Barding Armor
36:26 Scale Barding Armor
38:19 Iron Casting
38:14 Chain Barding Armor
40:30 Blast Furnace
40:17 Devotion
42:10 Plate Barding Armor
47:08 Faith
bbjameshetfield
8:30 Loom
11:42 Feudal Age
12:23 Double-Bit Axe
12:20 Horse Collar
18:35 Castle Age
19:19 Wheelbarrow
19:57 Bow Saw
20:02 Stone Mining
20:02 Gold Mining
20:22 Gold Mining
24:53 Heavy Plow
30:33 Gold Shaft Mining
30:34 Stone Shaft Mining
30:20 Husbandry
31:01 Murder Holes
32:53 Bloodlines
34:21 Ballistics
35:34 Herbal Medicine
36:43 Hand Cart
36:13 Town Watch
37:09 Fortified Wall
37:10 Masonry
37:16 Town Patrol
41:01 Imperial Age
41:16 Heavy Scorpion
41:54 Elite Ballista Elephant
42:34 Double Crossbow
43:09 Hoardings
42:04 Sappers
43:25 Double Crossbow
45:34 Hoardings
44:29 Sappers
45:19 Conscription
48:17 Chemistry
47:48 Architecture
47:23 Siege Engineers
50:38 Caravan
51:08 Coinage
gloectra
12:29 Feudal Age
17:11 Castle Age
25:36 Double-Bit Axe
25:33 Horse Collar
26:24 Ballistics
26:32 Ballistics
26:46 Bow Saw
28:38 Wheelbarrow
29:48 Chemistry
29:50 Hand Cart
29:45 Heavy Plow
30:21 Squires
29:53 Pikeman
30:20 Treadmill Crane
31:19 Caravan
32:19 Fortified Wall
32:04 Murder Holes
32:20 Fletching
32:31 Padded Archer Armor
32:51 Masonry
35:23 Bodkin Arrow
35:43 Leather Archer Armor
38:15 Imperial Age
39:44 Houfnice
40:55 Conscription
40:41 Wagenburg Tactics
41:49 Architecture
41:25 Siege Engineers
43:18 Two-Man Saw
43:27 Ring Archer Armor
42:58 Bracer
45:00 Halberdier
Juminican
5:35 Loom
12:56 Feudal Age
17:00 Castle Age
14:54 Double-Bit Axe
15:17 Arson
15:39 Horse Collar
15:55 Stone Mining
17:40 Gold Mining
19:00 Fletching
26:48 Bow Saw
28:18 Wheelbarrow
27:30 Pikeman
29:13 Stone Shaft Mining
28:36 Bodkin Arrow
28:44 Scale Mail Armor
28:54 Forging
29:27 Hand Cart
29:24 Town Watch
30:08 Chain Mail Armor
29:59 Heavy Plow
33:35 Imperial Age
32:17 Ballistics
31:55 Murder Holes
32:51 Fortified Wall
33:29 Iron Casting
33:00 Scale Barding Armor
33:59 Town Patrol
34:49 Arquebus
35:49 Conscription
36:39 Chemistry
36:44 Bracer
37:45 Blast Furnace
37:16 Plate Mail Armor
37:08 Chain Barding Armor
36:48 Halberdier
40:48 Bloodlines
40:39 Husbandry
40:00 Light Cavalry
42:29 Elite Organ Gun
knight
10:49 Feudal Age
10:46 Loom
15:50 Castle Age
20:37 Double-Bit Axe
29:04 Wheelbarrow
28:47 Forging
29:18 Herbal Medicine
29:16 Horse Collar
29:49 Bow Saw
30:05 Gold Mining
30:09 Stone Mining
31:01 Hand Cart
31:39 Stone Shaft Mining
31:43 Gold Shaft Mining
31:18 Heavy Plow
37:41 Imperial Age
36:04 Iron Casting
35:39 Scale Barding Armor
36:01 Squires
36:01 Arson
37:36 Conscription
37:29 Elite Karambit Warrior
38:17 Capped Ram
43:43 Block Printing
44:02 Illumination
44:04 Sanctity
45:26 Blast Furnace
45:27 Elite Battle Elephant
46:10 Husbandry
Yo$hum1
10:22 Feudal Age
14:31 Castle Age
13:54 Double-Bit Axe
13:52 Horse Collar
14:13 Stone Mining
17:27 Bow Saw
19:37 Wheelbarrow
19:08 Loom
22:36 Fletching
24:09 Hand Cart
24:27 Town Watch
24:45 Padded Archer Armor
25:35 Gold Mining
26:22 Husbandry
26:45 Bloodlines
32:21 Imperial Age
29:50 Bodkin Arrow
30:10 Leather Archer Armor
32:22 Leather Archer Armor
33:52 Bracer
34:27 Conscription
35:18 Gold Shaft Mining
35:21 Stone Shaft Mining
34:49 Heavy Plow
36:40 Elite Mangudai
37:47 Ballistics
38:04 Light Cavalry
41:41 Chemistry
40:38 Murder Holes
40:55 Masonry
41:34 Hussar
42:19 Pikeman
42:59 Squires
44:14 Parthian Tactics
46:26 Cavalier
46:44 Heavy Camel Rider
Connection lost

Rejoining the realm…

Still unreachable

The connection could not be restored.

Session expired

The server has moved on; the page needs a fresh start.